[Event "USA Junior-ch 2022"]
[Site "Saint Louis"]
[Date "2022.07.08"]
[Round "2.5"]
[White "Liang, Awonder"]
[Black "Yoo, Christopher Woojin"]
[Result "1/2-1/2"]
[ECO "A17"]
[WhiteElo "2625"]
[BlackElo "2550"]
[Annotator "TA"]
[PlyCount "84"]
[EventDate "2022.07.07"]
[EventType "tourn"]
[EventCountry "USA"]
[SourceTitle "playchess.com"]
[Source "ChessBase"]
[SourceQuality "1"]
[TimeControl "40/5400+30:1800+30"]

1. c4 c5 2. Nc3 Nf6 3. Nf3 d5 4. cxd5 Nxd5 5. e3 e6 6. Nxd5 {[%emt 0:00:32] A17: English Opening: 1...Nf6 with ...Bb4.} exd5 7. b4 {[%emt 0:00:02] [#]} Qf6 $146 ({Predecessor:} 7... c4 8. Bb2 f6 9. a3 Nc6 10. b5 Na5 11. d3 Be6 12. Nd4 Bf7 13. Qa4 Bc5 {1-0 (35) Bok,B (2624)-Ivanchuk,V (2678) Chess.com INT 2021}) 8. Rb1 Qg6 9. Bb2 c4 10. h4 (10. Bc3 $14) 10... h5 $11 11. Ne5 Qe6 12. g3 {[%emt 0:05:07] And now Bh3 would win.} Nc6 13. Bh3 Qd6 {[%emt 0:01:28] [#] Hoping for ...Bxh3.} 14. Bxc8 Rxc8 15. Nxc6 bxc6 16. Qc2 Qg6 17. Qxg6 fxg6 18. Bd4 Rb8 19. Ke2 Rb7 20. Rhc1 {[%emt 0:02:12] White is more active.} Bd6 21. a3 O-O 22. d3 cxd3+ 23. Kxd3 Rxf2 24. Rxc6 Bxg3 25. Rxg6 Bxh4 26. Rh1 Bf6 ({Not} 26... Kh7 27. Ra6 g5 28. Bxa7 $16) 27. Bxf6 ({Reject} 27. Rxh5 Bxd4 28. Kxd4 Ra2 $11) 27... Rxf6 28. Rxf6 gxf6 29. Rxh5 $14 {[%emt 0:00:14][%mdl 4096] [#] Endgame Black must now prevent Kd4. KR-KR} a5 $1 30. Kc3 (30. Rxd5 $14 axb4 31. a4) 30... axb4+ $11 {[%emt 0:01:16] The position is equal.} 31. axb4 Rc7+ 32. Kb3 Re7 33. b5 Rxe3+ 34. Kb4 {[%emt 0:00:25] Threatens to win with b6.} Re1 35. b6 Rb1+ 36. Kc5 Kf7 37. Rxd5 {[%emt 0:01:11] Kc6 is the strong threat.} Ke6 {[%emt 0:00:10] ( -> ...Rc1+)} 38. Rd4 f5 39. Kc6 Rc1+ 40. Kb7 Rb1 41. Ra4 Ke5 42. Kc6 f4 {[%emt 0:00:19] Weighted Error Value: White=0.07 (flawless) /Black=0.04 (flawless)} 1/2-1/2

[Event "USA Junior-ch 2022"]
[Site "Saint Louis"]
[Date "2022.07.09"]
[Round "3.1"]
[White "Yip, Carissa"]
[Black "Jacobson, Brandon"]
[Result "0-1"]
[ECO "C54"]
[WhiteElo "2416"]
[BlackElo "2544"]
[Annotator "TA"]
[PlyCount "73"]
[EventDate "2022.07.07"]
[EventType "tourn"]
[EventCountry "USA"]
[SourceTitle "playchess.com"]
[Source "ChessBase"]
[SourceQuality "1"]
[TimeControl "40/5400+30:1800+30"]

1. e4 e5 2. Nf3 Nc6 3. Bc4 Bc5 4. O-O Nf6 5. d3 d6 6. c3 a6 7. a4 {[%emt 0:00:09] C54: Giuoco Piano: 4 c3 Nf6, main lines with 5 d4 and 5 d3.} Ba7 8. Re1 O-O $1 {[%emt 0:00:08] The main line 8...0-0 scores better than 8...h6.} 9. Nbd2 {[%emt 0:00:42] The position is equal.} Ng4 10. Re2 Kh8 11. h3 f5 12. Nf1 fxe4 13. dxe4 {[%emt 0:00:05] [#]} Rxf3 $5 $146 {[%emt 0:00:05][%mdl 8] An interesting novelty.} ({Predecessor:} 13... Nh6 14. Re1 Qf6 15. Ng3 Bxh3 16. Bg5 Qg6 17. gxh3 Rxf3 18. Qxf3 Qxg5 19. Kh2 Ne7 {0-1 (62) Alekseenko,K (2671)-Ding,L (2811) Khanty-Mansiysk 2019}) 14. hxg4 (14. gxf3 $15 Nh6 15. Be3) 14... Rf8 15. Ne3 Qh4 16. f3 Ne7 17. Qe1 Qg5 {[%emt 0:00:19] Black is more active.} (17... Qf6 $5 18. Qg3 Ng6 $17) 18. Rf2 $1 Qf6 19. g3 Be6 20. Bd3 d5 $36 {[%emt 0:04:08][%mdl 2048] Black is pushing.} 21. exd5 (21. Kg2 $15) 21... Bxd5 $17 (21... Nxd5 $6 22. Be4 Rad8 23. c4 $11) 22. Nxd5 Nxd5 (22... Bxf2+ $17 23. Qxf2 Nxd5) 23. Be4 {[%emt 0:05:09] This move loses the game for White.} Qe6 $19 (23... Bxf2+ 24. Qxf2 Rad8 25. Qe2 $17) 24. a5 Rad8 25. Bg5 Bxf2+ (25... Rd6 $19 26. Kg2 h6) 26. Qxf2 $17 Nf6 27. Bf5 Qf7 ({Black should try} 27... Qc6 $19 {White must now prevent ...g6.} 28. Qe3 h6 29. Bxf6 (29. Bxh6 $2 Nd5 $19) 29... Rxf6) 28. Qh2 {[%emt 0:04:59] [#]} (28. Rf1 $17) 28... g6 $1 $19 29. Bc2 {[%emt 0:00:50] [#]} e4 $1 30. fxe4 Nxg4 31. Qe2 {[%emt 0:00:06] [#]} Rde8 32. Bf4 (32. Rc1 h5) 32... g5 33. Bxg5 (33. Be3 Nxe3 34. Qxe3) 33... Qh5 34. Be3 c5 {[%emt 0:00:05] Inhibits Bd4+.} (34... Rd8 $142 {Threatens to win with ...Qh3.} 35. Rd1 (35. Bd4+ $2 Rxd4 36. cxd4 Rf2 $19) 35... Qh3) 35. Rd1 Rf6 ({Weaker is} 35... Qh3 36. Bxc5 Qxg3+ 37. Qg2 $11) 36. Rd5 $2 (36. Bb3 Rff8 37. Bc2 (37. Bf4 $2 Rxe4 38. Qg2 c4 $19)) 36... Qh3 {[%emt 0:00:09][%cal Of6f1] ( -> ...Rf1+!)} 37. Qe1 {[%emt 0:00:32] Inhibits Rf1+.  Weighted Error Value: White=0.57/Black=0.21 (precise)} 0-1

[Event "USA Junior-ch 2022"]
[Site "Saint Louis"]
[Date "2022.07.09"]
[Round "3.2"]
[White "Daggupati, Balaji"]
[Black "Brodsky, David"]
[Result "1/2-1/2"]
[ECO "B53"]
[WhiteElo "2488"]
[BlackElo "2496"]
[Annotator "TA"]
[PlyCount "55"]
[EventDate "2022.07.07"]
[EventType "tourn"]
[EventCountry "USA"]
[SourceTitle "playchess.com"]
[Source "ChessBase"]
[SourceQuality "1"]
[TimeControl "40/5400+30:1800+30"]

1. e4 c5 2. Nf3 d6 3. d4 cxd4 4. Qxd4 Nf6 5. Nc3 Nc6 6. Bb5 Bd7 7. Bxc6 Bxc6 8. Bg5 e6 9. O-O-O Be7 10. Rhe1 O-O 11. Kb1 h6 12. Bh4 b5 {[%emt 0:00:18] B53: Sicilian: 2...d6: Lines with Qxd4.} 13. Bxf6 Bxf6 14. Qxd6 Qb6 {[%emt 0:08:04] Black has an edge.} 15. Ne5 {[%emt 0:00:49] [#]} Rfc8 $146 {[%emt 0:07:11] [#] And now ...b4 would win.} (15... Bxe5 $5 16. Qxe5 b4 $11) ({Predecessor:} 15... Bxe5 16. Qxe5 b4 17. Ne2 Qxf2 18. Nf4 Kh7 19. Nh5 Rg8 20. Rf1 Qe2 21. Rde1 Qd2 {0-1 (46) Zhigalko,S (2572)-Preotu,R (2473) Chess.com INT 2021}) 16. Nd7 ({Don't play} 16. Nxc6 Rxc6 17. Qf4 Bxc3 18. bxc3 b4 $15) 16... Bxd7 {[%emt 0:00:42] A strong pair of Bishops.} 17. Qxb6 axb6 18. Rxd7 Bxc3 19. bxc3 Rxc3 $11 {[%emt 0:00:08][%mdl 4096] Endgame KRR-KRR} 20. Red1 Ra4 21. R1d4 g5 22. Kb2 Rca3 23. Rxa4 Rxa4 24. f3 Rb4+ {[%emt 0:01:19] The position is equal.} 25. Kc1 Ra4 26. Kb2 Rb4+ 27. Kc1 Ra4 28. Kb2 {[%emt 0:00:17] A balanced but interesting game.  Weighted Error Value: White=0.02 (flawless) /Black=0.03 (flawless)} 1/2-1/2

[Event "USA Junior-ch 2022"]
[Site "Saint Louis"]
[Date "2022.07.09"]
[Round "3.3"]
[White "Wang, Justin"]
[Black "Hong, Andrew"]
[Result "1/2-1/2"]
[ECO "A34"]
[WhiteElo "2469"]
[BlackElo "2504"]
[Annotator "TA"]
[PlyCount "78"]
[EventDate "2022.07.07"]
[EventType "tourn"]
[EventCountry "USA"]
[SourceTitle "playchess.com"]
[Source "ChessBase"]
[SourceQuality "1"]
[TimeControl "40/5400+30:1800+30"]

1. Nf3 Nf6 2. c4 c5 3. Nc3 Nc6 4. g3 d5 5. d4 cxd4 6. Nxd4 dxc4 7. Nxc6 Qxd1+ 8. Nxd1 bxc6 9. Bg2 Nd5 10. Ne3 e6 11. Nxc4 Ba6 12. b3 Bb4+ 13. Bd2 Ke7 {[%emt 0:00:00] A34: Symmetrical English: 2 Nc3, lines with ...d5.} 14. Rc1 Rac8 {[%emt 0:00:00] [#]} 15. a3 $146 ({Predecessor:} 15. Bxb4+ Nxb4 16. a3 Nd5 17. f4 c5 18. Kf2 Bxc4 19. Rxc4 Nb6 20. Rc2 c4 21. b4 {½-½ (80) Sjugirov,S (2652)-Nihal,S (2532) Moscow 2018}) 15... Bxd2+ 16. Nxd2 c5 17. Bf3 Rhd8 18. Rc2 f5 19. O-O g5 20. h3 {[%emt 0:03:55] Prevents g4.} Nf6 21. Nc4 Bxc4 22. Rxc4 Rb8 (22... Rd4 $11) 23. Rb1 (23. Rxc5 $5 Rxb3 24. Ra5 $14) 23... Rdc8 {[%emt 0:00:00] The position is equal.} 24. b4 cxb4 25. Rxc8 Rxc8 26. Rxb4 $11 {[%emt 0:00:02][%mdl 4096] Endgame KRB-KRN} Rc7 27. g4 Nd7 28. h4 h6 29. hxg5 hxg5 30. gxf5 exf5 31. Rb5 Kf6 32. Ra5 g4 33. Bg2 Ne5 34. e3 Ng6 35. Kh2 Ne5 36. Kg3 Nc4 37. Ra6+ Ke5 38. Bf1 Nd6 39. Bg2 Nc4 {[%emt 0:01:13] Not much happened in this game.  Weighted Error Value: White=0.04 (flawless) /Black=0.03 (flawless)} 1/2-1/2

[Event "USA Junior-ch 2022"]
[Site "Saint Louis"]
[Date "2022.07.09"]
[Round "3.4"]
[White "Yoo, Christopher Woojin"]
[Black "Espinosa, Pedro"]
[Result "1-0"]
[ECO "D10"]
[WhiteElo "2550"]
[BlackElo "2130"]
[Annotator "TA"]
[PlyCount "69"]
[EventDate "2022.07.07"]
[EventType "tourn"]
[EventCountry "USA"]
[SourceTitle "playchess.com"]
[Source "ChessBase"]
[SourceQuality "1"]
[TimeControl "40/5400+30:1800+30"]

1. d4 d5 2. c4 c6 3. Nc3 Nf6 4. cxd5 cxd5 5. Bf4 Nc6 6. e3 a6 7. Be2 Bf5 {[%emt 0:01:55] D10: Slav Defence: 3 cxd5 (without early Nf3) and 3 Nc3.} 8. Nf3 Nh5 9. Bg5 {[%emt 0:11:34] next Nh4 is good for White.} h6 {[%emt 0:05:18] The position is equal.} 10. Bh4 g5 11. Bg3 (11. Ne5 $5) 11... Nxg3 12. hxg3 {[%emt 0:00:09][%cal Bh2g3,Bg3g4][%mdl 32] With the idea Nxg5.} e6 {[%emt 0:01:19] [#]} 13. Nd2 $146 ({Predecessor:} 13. Rc1 Rc8 14. a3 Bd6 15. b4 Kf8 16. Na4 Kg7 17. Nc5 Qe7 18. Qd2 h5 19. Bd3 Bxd3 20. Qxd3 {0-1 (46) Cordts,I (2214)-Rosner,J (2434) Playchess.com INT 2021}) 13... Rc8 14. O-O Bd6 15. Nb3 Qf6 16. g4 Bg6 17. g3 Ke7 18. Kg2 Qg7 19. Rh1 f5 20. gxf5 Bxf5 21. Bd3 Qg6 22. Bxf5 Qxf5 23. g4 Qf7 24. Qe2 Rcg8 ({Better is} 24... Kf8 $11) 25. Rh5 (25. Rh3 $14) 25... Rg6 26. Rah1 Rf6 27. e4 {[%emt 0:01:44][%cal Be3e4,Be4d5][%mdl 32] e5 is the strong threat.} Rf8 28. Rf1 $36 {[%emt 0:00:21][%mdl 2048] aiming for e5. White has the initiative.} Rf3 $1 {[%emt 0:03:41] White must now prevent ...Qf4.} 29. exd5 {[%emt 0:01:41] Chess con chili.} (29. Rxh6 Qf4 30. Nxd5+ (30. exd5 Qxg4+ 31. Kh1 Rh3+ 32. Rxh3 Qxh3+ 33. Kg1 Qh2#) 30... exd5 $19) 29... Qf4 (29... Kd8 $1 $11 30. Rxh6 (30. dxc6 $2 Qf4 $19) 30... Qf4) 30. Qxe6+ $14 Kd8 {[%emt 0:00:10][%cal Rf3f2] [#] Black cannot hold the game after this.} 31. Ne4 {[%emt 0:00:18] White is clearly winning.} (31. dxc6 $2 {[#]} Rg3+ $3 32. fxg3 Qxg3+ 33. Kh1 Rxf1#) 31... Rg3+ 32. Nxg3 Qf3+ 33. Kh3 Bxg3 34. Nd2 (34. fxg3 $2 {leads to mate.} Qxf1+ 35. Kh2 Rf2#) 34... Qd3 35. Qe3 {[%emt 0:00:16] Weighted Error Value: White=0.11 (very precise) /Black=0.17 (very precise)} 1-0

[Event "USA Junior-ch 2022"]
[Site "Saint Louis"]
[Date "2022.07.10"]
[Round "3.5"]
[White "Mishra, Abhimanyu"]
[Black "Liang, Awonder"]
[Result "1-0"]
[ECO "C54"]
[WhiteElo "2553"]
[BlackElo "2625"]
[Annotator "TA"]
[PlyCount "169"]
[EventDate "2022.07.07"]
[EventType "tourn"]
[EventCountry "USA"]
[SourceTitle "playchess.com"]
[Source "ChessBase"]
[SourceQuality "1"]
[TimeControl "40/5400+30:1800+30"]

1. e4 e5 2. Nf3 Nc6 3. Bc4 Bc5 4. c3 Nf6 5. d3 d6 6. O-O O-O 7. Re1 {[%emt 0:00:36] is now debated instead of 7.Bb3.} a5 {[%emt 0:00:03] C54: Giuoco Piano: 4 c3 Nf6, main lines with 5 d4 and 5 d3.} 8. Bg5 h6 9. Bh4 g5 {[%emt 0:00:10] White has an edge.} 10. Bg3 Ba7 11. Na3 Bg4 12. Nc2 {[%emt 0:05:26] [#]} h5 $146 {[%emt 0:12:42] [#] White must now prevent ...h4.} ({Predecessor:} 12... Bh5 13. h3 Kg7 14. Ne3 Ne7 15. Bb3 Qd7 16. Bc2 Bxe3 17. Rxe3 Ng6 18. d4 Qb5 {½-½ (50) Duda,J (2743)-Anton Guijarro,D (2679) Wijk aan Zee 2021}) 13. h3 $1 h4 14. Bh2 Bh5 15. Qd2 Nh7 16. Ne3 Kh8 17. Nf5 Qf6 (17... Bxf3 $5 18. gxf3 Ne7 $11) 18. Bd5 Ne7 19. Nxe7 Qxe7 20. d4 c6 {[%emt 0:04:13] aiming for ...Bxf3.} 21. Bc4 Bxf3 22. gxf3 Qf6 23. Kg2 Rfd8 ({Don't play} 23... exd4 24. e5 Qh6 25. exd6 $18) (23... g4 $2 24. fxg4 Rfe8 25. d5 $16) 24. Rad1 Nf8 25. a4 Ng6 26. Bb3 Rac8 27. Qd3 Bb8 28. dxe5 (28. Kh1 $11) 28... dxe5 $15 29. Qc4 Kg7 30. Qc5 Bd6 31. Qc4 Bb8 (31... Bc7 $15) 32. Ba2 (32. Qc5 $5 ) 32... Ba7 {[%emt 0:00:20][%cal Og5g4] Threatens to win with ...g4!} 33. Qe2 $1 Qe7 34. Rxd8 ({Better is} 34. Bc4 $1 $15) 34... Rxd8 $17 35. Rd1 Rxd1 36. Qxd1 Kf8 37. Qd2 Bc5 {[%emt 0:00:30] Against b4} 38. Bb3 Ke8 39. Ba2 f6 40. Qd3 Nf8 41. Qc4 Kd8 42. Qe2 Kc7 43. Qc4 Nd7 44. Bg1 Nb6 45. Qb3 Qd7 46. Qc2 Kb8 47. Bb3 Ka7 48. Qe2 Nc8 49. Qc4 Bb6 50. Qg8 Ne7 51. Qf7 Qd6 52. Bc4 Bc5 53. Qg7 Nc8 54. Qf7 Nb6 55. Bb3 Ka6 ({Black should play} 55... Qd2 56. Qxf6 Qxb2 57. Qxe5 Nd7) 56. Qg6 Nd7 57. Qf7 Bb6 58. Be6 Nc5 59. Bc8 (59. Bc4+ $17 Ka7 60. b3) 59... Qc7 $19 60. Qc4+ Ka7 61. Bf5 $2 (61. b4 $17 axb4 62. cxb4 (62. a5 b3 $11) 62... Qxc8 63. bxc5) 61... Qd6 62. f4 exf4 63. b4 $2 (63. Qd4 Qxd4 64. cxd4 Nxa4 65. e5) 63... Nd3 64. bxa5 f3+ 65. Kf1 Bc5 66. Qb3 {[%emt 0:01:02] [#]} Nxf2 $1 {[%emt 0:09:20][%mdl 512] ( -> ...Qd3+)} 67. Qc2 Qg3 $4 68. Qxf2 $1 $18 Bxf2 69. Bxf2+ Ka6 70. Bxg3 hxg3 {[%emt 0:30:33][%mdl 4096] Endgame KB-KP} 71. Bg4 f2 72. Kg2 {[%emt 0:00:09] Be2+ would kill now.} Kxa5 73. Bd1 b6 74. Bc2 (74. Be2 $142 Kxa4 75. c4 (75. Kxg3 b5 $14) 75... Kb4 76. Kxg3 Kc3 77. Kxf2 Kd4 78. Kf3 c5 79. Bf1) 74... Ka6 75. Bd3+ Ka5 76. Kxg3 {[%emt 0:00:29] White mates.} Kxa4 77. c4 Kb3 78. Kxf2 Kb4 79. Ke3 Kc5 80. e5 fxe5 81. Ke4 Kd6 82. Kf5 b5 83. Kxg5 bxc4 84. Bxc4 Ke7 85. h4 {[%emt 0:01:35] Quite a comeback for White.  Weighted Error Value: White=0.10 (very precise) /Black=0.06 (flawless)} 1-0

[Event "USA Junior-ch 2022"]
[Site "Saint Louis"]
[Date "2022.07.10"]
[Round "4.1"]
[White "Espinosa, Pedro"]
[Black "Mishra, Abhimanyu"]
[Result "0-1"]
[ECO "D30"]
[WhiteElo "2130"]
[BlackElo "2553"]
[Annotator "TA"]
[PlyCount "98"]
[EventDate "2022.07.07"]
[EventType "tourn"]
[EventCountry "USA"]
[SourceTitle "playchess.com"]
[Source "ChessBase"]
[SourceQuality "1"]
[TimeControl "40/5400+30:1800+30"]

1. d4 d5 2. c4 c6 3. Nf3 Nf6 4. e3 e6 5. Bd3 dxc4 6. Bxc4 Nbd7 7. O-O Bd6 {[%emt 0:00:46] The main line 7...Bd6 scores better than 7...b5.} 8. Re1 {[%emt 0:00:34] D30: Queen's Gambit Declined: Systems without Nc3.} O-O 9. e4 {[%emt 0:00:30] And now e5 would win.} e5 10. h3 {[%emt 0:00:34] White has an edge.} Qc7 {[%emt 0:01:07] [#]} 11. Be3 $146 ({Predecessor:} 11. dxe5 Nxe5 12. Nxe5 Bxe5 13. Nd2 Nd7 14. Nf3 Bd6 15. Be3 Ne5 16. Bb3 b6 17. Rc1 Nxf3+ 18. Qxf3 {½-½ (27) Amann,H (2408)-Dessaules,P (2381) ICCF email 2020}) 11... Nxe4 12. Qc2 Nef6 13. Nc3 {[%emt 0:00:16] Inhibits e4.} b5 14. Bb3 Bb7 15. Qf5 (15. dxe5 $11 Nxe5 16. Ng5) 15... Rae8 16. Bc2 ({White should try} 16. Ng5 $15) 16... Bc8 17. Qg5 b4 $1 18. Ne4 Nxe4 19. Bxe4 Nf6 20. Bc2 e4 21. Nd2 Qe7 ({Inferior is} 21... h6 22. Qh4 $11) (21... c5 $1 $17 22. Nb3 (22. dxc5 $2 Bh2+ 23. Kh1 Re5 $19) 22... Rd8) 22. Qh4 h6 {[%emt 0:00:47] Prevents Bg5.} 23. f3 (23. Rad1 $11) 23... Nd5 24. Qxe7 Rxe7 25. Nc4 exf3 26. Nxd6 (26. Bf2 $17 Rxe1+ 27. Rxe1) 26... Rxe3 $19 27. Ba4 Rd8 (27... Rd3 $19 {is more deadly. Threatens to win with ...Rd2.} 28. Rad1 Rxd1 29. Bxd1 fxg2 30. Nxc8 Rxc8 31. Kxg2 Rd8) 28. Nxc8 $17 Rxc8 29. Rxe3 Nxe3 30. gxf3 {[%emt 0:00:20][%mdl 4096] Endgame KRB-KRN} Rd8 {[%emt 0:02:22] Black is more active.} 31. Bxc6 (31. Kf2 $17 Nf5 32. Bxc6) 31... Rxd4 $19 32. Re1 {[%emt 0:01:16] [#]} Rd1 $1 33. Kf2 Rxe1 34. Kxe1 {[%emt 0:00:02] KB-KN} Kf8 35. Ke2 {[%emt 0:00:49] [#]} (35. Kd2 $142 Nc4+ 36. Kc1) 35... Ng2 $1 36. Bd7 Ke7 37. Bc8 h5 {[%emt 0:01:36] White must now prevent ...Kf6.} 38. Kd3 Kd8 39. Ba6 Nf4+ 40. Ke3 g5 41. Bf1 Ke7 42. Kd4 (42. Ke4 $142) 42... Kd6 43. Ke4 Ke6 44. Kd4 $2 (44. Bc4+ Kf6 45. h4) 44... h4 45. a4 (45. Ke4 $142 a5 46. a3) 45... bxa3 46. bxa3 Kf5 47. a4 {[%emt 0:00:00] [#]} Nxh3 $1 {[%emt 0:02:48][%cal Of5f4][%mdl 512] aiming for ...Kf4!} 48. Bxh3+ (48. Ke3 Nf4) 48... Kf4 49. Kd5 Kxf3 {[%emt 0:01:06] Weighted Error Value: White=0.65/Black=0.15 (very precise)} 0-1

[Event "USA Junior-ch 2022"]
[Site "Saint Louis"]
[Date "2022.07.10"]
[Round "4.2"]
[White "Liang, Awonder"]
[Black "Yip, Carissa"]
[Result "1-0"]
[ECO "E70"]
[WhiteElo "2625"]
[BlackElo "2416"]
[Annotator "TA"]
[PlyCount "65"]
[EventDate "2022.07.07"]
[EventType "tourn"]
[EventCountry "USA"]
[SourceTitle "playchess.com"]
[Source "ChessBase"]
[SourceQuality "1"]
[TimeControl "40/5400+30:1800+30"]

1. d4 Nf6 2. c4 g6 3. Nc3 Bg7 4. e4 O-O 5. Be2 c6 6. h4 {[%emt 0:00:40] [#] E70: King's Indian: Miscellaneous lines with 4 e4, including 5 Nge2 and 5 Bd3 0-0 6 Nge2.} h5 $146 ({Predecessor:} 6... d5 7. e5 Ne4 8. h5 Qa5 9. Bd2 Nxd2 10. Qxd2 Be6 11. cxd5 Bxd5 12. Nxd5 Qxd5 13. Bf3 Qd7 {0-1 (51) Chirila,I (2517)-Sadorra,J (2577) Dallas 2013}) 7. e5 Nh7 8. g4 {[%emt 1:33:37] White is slightly better.} d6 (8... hxg4 $1 $11 9. Bxg4 d6) 9. e6 hxg4 10. Bxg4 f5 11. Be2 {[%emt 0:00:00] d5 is the strong threat. White is more active.} Bxe6 12. Nf3 ({Much weaker is} 12. h5 gxh5 13. Rxh5 Rf6 $11) 12... Bf7 13. h5 gxh5 14. d5 (14. Qc2 $14) 14... e6 (14... cxd5 $11 15. cxd5 Qc8) 15. dxe6 $16 Bxe6 16. Bf4 b5 (16... Nf6 $16) 17. Qxd6 ({Less strong is} 17. Bxd6 Re8 $16) (17. cxb5 $18 {Black must now prevent Qd2.} d5 18. Qd2 (18. Rxh5 Nf6 $16)) 17... Qxd6 18. Bxd6 Rd8 19. O-O-O Nf6 (19... Nd7 $16) 20. cxb5 $18 Ng4 $2 (20... cxb5 {keeps fighting.} 21. Ng5 Bc4) 21. Ng5 Bh6 22. Bf4 Bxg5 23. Bxg5 Rc8 24. Rxh5 {[%emt 0:00:00] aiming for f3. White is clearly winning.} Bf7 25. Rh4 cxb5 26. f3 Ne5 27. Bf6 Ng6 {[%emt 0:01:20] Prevents Rh8+.} 28. Rg1 Kf8 {[%emt 0:00:41] [#]} 29. Rxg6 Rxc3+ (29... Bxg6 30. Rh8+) 30. Bxc3 {[%emt 0:00:00] Threatening mate with Bb4+. This bishop pair is nice.} Bxg6 31. Rh8+ Ke7 32. f4 Be8 {[%emt 0:00:16] [#]} 33. Rxe8+ $1 {[%emt 0:00:00][%mdl 512] Weighted Error Value: White=0.15 (very precise) /Black=0.44} 1-0

[Event "USA Junior-ch 2022"]
[Site "Saint Louis"]
[Date "2022.07.10"]
[Round "4.3"]
[White "Hong, Andrew"]
[Black "Yoo, Christopher Woojin"]
[Result "0-1"]
[ECO "C11"]
[WhiteElo "2504"]
[BlackElo "2550"]
[Annotator "TA"]
[PlyCount "116"]
[EventDate "2022.07.07"]
[EventType "tourn"]
[EventCountry "USA"]
[SourceTitle "playchess.com"]
[Source "ChessBase"]
[SourceQuality "1"]
[TimeControl "40/5400+30:1800+30"]

1. e4 e6 2. d4 d5 3. Nc3 Nf6 4. e5 Nfd7 5. f4 c5 6. Nf3 Nc6 7. Be3 Be7 8. Qd2 a6 9. a3 {[%emt 0:02:54] C11: French: Classical System: 4 e5 and 4 Bg5 dxe4.} O-O 10. Rd1 Qc7 11. dxc5 {[%emt 0:07:54] The position is equal.} Nxc5 12. Be2 b5 13. O-O Bb7 14. Qe1 (14. b4 {looks sharper.} Ne4 15. Nxe4 dxe4 16. Qd7) 14... Ne4 15. Nxe4 dxe4 16. Nd2 {[%emt 0:00:14] [#]} Nb8 $146 ({Predecessor:} 16... Rad8 17. c3 Na5 18. Qf2 Nc4 19. Nxc4 Rxd1 20. Rxd1 bxc4 21. f5 exf5 22. Qxf5 Bc5 {½-½ (35) Malashenkov,A (2315)-Novak,J (2295) LSS email 2014}) 17. Rc1 Nd7 18. c4 b4 $1 19. c5 bxa3 20. bxa3 Bd5 (20... Nxc5 $2 21. Nb3 $18) (20... Bxc5 $2 21. Bxc5 Nxc5 22. Nb3 $18) 21. Qf2 Qc6 22. Rc3 Rab8 23. Rfc1 f6 24. Qg3 Rb2 25. Bd1 Rd8 26. h3 f5 (26... Ra2 $11 {keeps the balance.}) 27. Nc4 $16 Bxc4 28. Rxc4 Nf8 29. Qe1 ({White should play} 29. Rb4 $16 Rxb4 30. axb4) 29... g5 $1 $11 30. Qc3 (30. fxg5 $11 Rd3 31. R4c3) 30... Rbb8 $15 31. fxg5 Rd3 32. Qe1 Ng6 33. R4c3 Rxc3 (33... Nxe5 34. Bf4 Rd5 35. Qg3 $11) 34. Qxc3 f4 35. Bd4 (35. Bf2 $1 $11) 35... Bxg5 $17 36. Qc4 f3 $36 {[%emt 0:01:12][%mdl 2048] Black is pushing.} 37. Ba4 Qc8 38. Rf1 {[%emt 0:02:09] [#]} (38. Rd1 $17 {is a better defense.}) 38... Nh4 $2 ({Better is} 38... Nf4 $1 $19 39. Bd1 (39. gxf3 $2 Qf8 $19) 39... Qf8) 39. gxf3 $2 (39. Bf2 $1 $11) 39... Nxf3+ $19 40. Kg2 {[%emt 0:00:10] [#]} (40. Rxf3 $142 exf3 41. Bb3) 40... Nd2 $1 41. Qe2 Nxf1 42. Qg4 Rb7 {[%emt 0:01:43][%cal Ob7g7] Threatens to win with ...Rg7!} 43. Kxf1 (43. Bb3 $142 Kh8 44. Bxe6) 43... Qd8 44. Bf2 e3 (44... Qd3+ $142 45. Kg1 Rg7) 45. Be1 Qd3+ 46. Kg2 Qd5+ 47. Kf1 e2+ 48. Kf2 Qxc5+ 49. Kg2 Qd5+ (49... Rg7 $142 50. Qxe6+ Kh8) 50. Kf2 Qxe5 {[%emt 0:01:12] Black mates.} 51. Be8 Rg7 52. Qxe2 Qh2+ 53. Kf3 Qxh3+ 54. Ke4 Qf5+ 55. Kd4 Qd5+ 56. Kc3 Bf6+ 57. Kc2 Rc7+ 58. Kb1 Qb3+ {[%emt 0:00:05] Weighted Error Value: White=0.78/Black=0.21 (precise)} 0-1

[Event "USA Junior-ch 2022"]
[Site "Saint Louis"]
[Date "2022.07.10"]
[Round "4.4"]
[White "Daggupati, Balaji"]
[Black "Wang, Justin"]
[Result "1-0"]
[ECO "C59"]
[WhiteElo "2488"]
[BlackElo "2469"]
[Annotator "RC"]
[PlyCount "121"]
[EventDate "2022.07.07"]
[EventType "tourn"]
[EventCountry "USA"]
[SourceTitle "playchess.com"]
[Source "ChessBase"]
[SourceQuality "1"]
[TimeControl "40/5400+30:1800+30"]

1. e4 e5 2. Nf3 Nc6 3. Bc4 Nf6 4. Ng5 d5 5. exd5 Na5 6. Bb5+ c6 7. dxc6 bxc6 8. Be2 h6 9. Nf3 e4 10. Ne5 Bd6 11. d4 exd3 12. Nxd3 O-O 13. b3 Re8 14. O-O Bf5 15. Bb2 c5 16. Nd2 Rc8 17. Ne1 Be5 18. Bxe5 Rxe5 19. Nef3 Bxc2 20. Qxc2 Rxe2 21. Rfe1 Rxe1+ 22. Rxe1 Qb6 23. h3 Qb4 24. Rc1 Qf4 25. Qd3 Qc7 26. Qa6 Rb8 27. Qd3 Nb7 28. Nc4 Rd8 29. Qf5 Rd5 30. Qc2 Rd8 31. Ne3 Qf4 32. Qe2 Nd5 33. Rc4 Qd6 34. Nf5 Qf6 35. Ng3 Nf4 36. Qe3 Nd5 37. Qe2 Nf4 38. Qe3 Nd5 39. Qc1 Nb4 40. a3 Nd3 41. Qe3 Qe6 42. Re4 Qxb3 43. Nf5 Nd6 44. Nxd6 Rxd6 45. Re8+ Kh7 46. Qe4+ Rg6 47. Qa8 Re6 48. Rh8+ Kg6 49. Nh4+ Kg5 50. Qf3 g6 51. Rd8 Qb1+ 52. Kh2 Ne5 53. Rd5 f5 54. Qg3+ Kf6 55. f4 g5 56. fxe5+ Kf7 57. Nf3 Rc6 58. e6+ Rxe6 59. Qc7+ Kf6 60. Ne5 Re7 61. Qd6+ 1-0